BLB
WASHINGTON BATS @ BALTIMORE BULLDOGS
09/24/2059
 
TOP OF THE 1ST
Washington Bats batting - Pitching for Baltimore Bulldogs : RHP Oliver Lanham
Pitching: RHP Oliver Lanham
Batting: RHB Julian Ludin 0-0: Foul Ball, location: 2F
0-1: Ball
1-1: Called Strike
1-2: Ground out 6-3 (Groundball, 6, EV 82.5 MPH)
Batting: LHB Joel Bell 0-0: Ground out 6-3 (Groundball, 6, EV 95.6 MPH)
Batting: RHB Hayden Jones 0-0: Ball
1-0: Called Strike
1-1: Swinging Strike
1-2: Foul Ball, location: 2F
1-2: Strikes out swinging
Top of the 1st over - 0 runs, 0 hits, 0 errors, 0 left on base; Washington 0 - Baltimore 0
BOTTOM OF THE 1ST
Baltimore Bulldogs batting - Pitching for Washington Bats : RHP Justin Casey
Pitching: RHP Justin Casey
Batting: LHB Justin Castiglioni 0-0: Ball
1-0: Swinging Strike
1-1: Ball
2-1: Bunt missed!
2-2: Ball
3-2: Fly out, F8 (Flyball, 89M, EV 85.0 MPH)
Batting: RHB Joseph Olsen 0-0: Called Strike
0-1: Foul Ball, location: 2F
0-2: Fly out, F8 (Line Drive, 78D, EV 104.4 MPH)
Batting: LHB Kentrellis Donciu 0-0: Called Strike
0-1: Ball
1-1: SINGLE (Flyball, 34D, EV 92.5 MPH)
Batting: SHB Val Schmit 0-0: Ball
1-0: Called Strike
1-1: Ball
2-1: Ball
3-1: Swinging Strike
3-2: Foul Ball, location: 2F
3-2: SINGLE (Line Drive, 8LS, EV 94.4 MPH)
Kentrellis Donciu to second
Kentrellis Donciu to third
Batting: LHB Owen Keimig 0-0: Ball
1-0: Foul Ball, location: 2F
1-1: Ball
2-1: Ball
3-1: Ground out 1-3 (Groundball, 13, EV 73.1 MPH)
Bottom of the 1st over - 0 runs, 2 hits, 0 errors, 2 left on base; Washington 0 - Baltimore 0
TOP OF THE 2ND
Washington Bats batting - Pitching for Baltimore Bulldogs : RHP Oliver Lanham
Batting: SHB Josiah White 0-0: Swinging Strike
0-1: Ball
1-1: Foul Ball, location: 2F
1-2: Ball
2-2: Strikes out swinging
Batting: RHB Neall Rabah 0-0: Foul Ball, location: 2F
0-1: Ball
1-1: Ball
2-1: Swinging Strike
2-2: Strikes out swinging
Batting: RHB Louis Hockney 0-0: Swinging Strike
0-1: Ball
1-1: Ball
2-1: Swinging Strike
2-2: Strikes out swinging
Top of the 2nd over - 0 runs, 0 hits, 0 errors, 0 left on base; Washington 0 - Baltimore 0
BOTTOM OF THE 2ND
Baltimore Bulldogs batting - Pitching for Washington Bats : RHP Justin Casey
Batting: LHB Vince Ridgway 0-0: Foul Ball, location: 2F
0-1: Fly out, F8 (Line Drive, 8LD, EV 91.2 MPH)
Batting: SHB Cole Watson 0-0: Ball
1-0: Fly out, F8 (Flyball, 78M, EV 83.1 MPH)
Batting: RHB Kyle Dodiry 0-0: Called Strike
0-1: Foul Ball, location: 2F
0-2: Strikes out looking
Bottom of the 2nd over - 0 runs, 0 hits, 0 errors, 0 left on base; Washington 0 - Baltimore 0
TOP OF THE 3RD
Washington Bats batting - Pitching for Baltimore Bulldogs : RHP Oliver Lanham
Batting: RHB Owen Dooley 0-0: SINGLE (Groundball, 56D, EV 94.4 MPH)
Batting: RHB Ken Daly 0-0: Ball
1-0: Called Strike
1-1: DOUBLE (Flyball, 7LD, EV 106.9 MPH)
Owen Dooley to third
Batting: RHB Barrington Purbacaraka 0-0: Ball
1-0: Called Strike
1-1: Swinging Strike
1-2: Foul Ball, location: 2F
1-2: Ball
2-2: Foul Ball, location: 2F
2-2: Strikes out swinging
Batting: RHB Julian Ludin 0-0: Ball
1-0: Foul Ball, location: 2F
1-1: Called Strike
1-2: Ball
2-2: Ball
3-2: Strikes out swinging
Batting: LHB Joel Bell 0-0: Ball
1-0: Ball
2-0: Swinging Strike
2-1: 3-RUN HOME RUN (Line Drive, 89XD, EV 111.9 MPH), Distance : 428 ft
Batting: RHB Hayden Jones 0-0: Called Strike
0-1: SINGLE (Line Drive, 9S, EV 92.5 MPH)
Batting: SHB Josiah White 0-0: Called Strike
0-1: Foul Ball, location: 2F
0-2: Foul Ball, location: 2F
0-2: Strikes out swinging
Top of the 3rd over - 3 runs, 4 hits, 0 errors, 1 left on base; Washington 3 - Baltimore 0
BOTTOM OF THE 3RD
Baltimore Bulldogs batting - Pitching for Washington Bats : RHP Justin Casey
Batting: RHB Stephen Cuff 0-0: Fly out, F9 (Flyball, 9, EV 89.4 MPH)
Batting: LHB Justin Castiglioni 0-0: Foul Ball, location: 2F
0-1: Ball
1-1: Swinging Strike
1-2: Fly out, F7 (Line Drive, 7S, EV 95.0 MPH)
Batting: RHB Joseph Olsen 0-0: Ball
1-0: Called Strike
1-1: DOUBLE (Groundball, 5L, EV 101.2 MPH)
Batting: LHB Kentrellis Donciu 0-0: Foul Ball, location: 2F
0-1: Ball
1-1: Swinging Strike
1-2: Foul Ball, location: 2F
1-2: Ball
2-2: Strikes out swinging
Bottom of the 3rd over - 0 runs, 1 hit, 0 errors, 1 left on base; Washington 3 - Baltimore 0
TOP OF THE 4TH
Washington Bats batting - Pitching for Baltimore Bulldogs : RHP Oliver Lanham
Batting: RHB Neall Rabah 0-0: Hit by Pitch
Batting: RHB Louis Hockney 0-0: Fly out, F3 (Popup, 3SF, EV 66.9 MPH)
Batting: RHB Owen Dooley 0-0: Called Strike
0-1: Foul Ball, location: 2F
0-2: Ball
1-2: Strikes out swinging
Batting: RHB Ken Daly 0-0: Ground out 1-3 (Groundball, 13, EV 65.0 MPH)
Top of the 4th over - 0 runs, 0 hits, 0 errors, 1 left on base; Washington 3 - Baltimore 0
BOTTOM OF THE 4TH
Baltimore Bulldogs batting - Pitching for Washington Bats : RHP Justin Casey
Batting: SHB Val Schmit 0-0: Foul Ball, location: 2F
0-1: Ball
1-1: Swinging Strike
1-2: Ball
2-2: Ball
3-2: Strikes out swinging, 2-3 out at first.
Batting: LHB Owen Keimig 0-0: DOUBLE (Line Drive, 89D, EV 102.5 MPH)
Batting: LHB Vince Ridgway 0-0: Called Strike
0-1: Ball
1-1: Called Strike
1-2: Ball
2-2: Ground out 4-3 (Groundball, 4S, EV 90.6 MPH)
Owen Keimig to third
Batting: SHB Cole Watson 0-0: Called Strike
0-1: Ground out U3 (Groundball, 34, EV 85.6 MPH)
Bottom of the 4th over - 0 runs, 1 hit, 0 errors, 1 left on base; Washington 3 - Baltimore 0
TOP OF THE 5TH
Washington Bats batting - Pitching for Baltimore Bulldogs : RHP Oliver Lanham
Batting: RHB Barrington Purbacaraka 0-0: Foul Ball, location: 2F
0-1: Ball
1-1: Foul Ball, location: 2F
1-2: Ball
2-2: Fly out, F4 (Line Drive, 4, EV 72.5 MPH)
Batting: RHB Julian Ludin 0-0: Called Strike
0-1: Fly out, F9 (Flyball, 9LSF, EV 95.0 MPH)
Batting: LHB Joel Bell 0-0: Called Strike
0-1: Foul Ball, location: 2F
0-2: Ball
1-2: SINGLE (Line Drive, 7S, EV 88.8 MPH)
Batting: RHB Hayden Jones 0-0: Ball
Joel Bell steals 2nd base
1-0: SINGLE (Groundball, 6MD, EV 96.9 MPH)
Joel Bell to third
Runner from 3rd tries for Home, SAFE, throw by CF to home
Hayden Jones to second
Batting: SHB Josiah White 0-0: Ball
1-0: Foul Ball, location: 2F
1-1: Ball
2-1: Fly out, F8 (Flyball, 8RD, EV 85.6 MPH)
Top of the 5th over - 1 run, 2 hits, 0 errors, 1 left on base; Washington 4 - Baltimore 0
BOTTOM OF THE 5TH
Baltimore Bulldogs batting - Pitching for Washington Bats : RHP Justin Casey
Batting: RHB Kyle Dodiry 0-0: Called Strike
0-1: Foul Ball, location: 2F
0-2: Strikes out swinging
Batting: RHB Stephen Cuff 0-0: Called Strike
0-1: SINGLE (Groundball, 34D, EV 110.6 MPH)
Batting: LHB Justin Castiglioni 0-0: Called Strike
Stephen Cuff is caught stealing 2nd base 2-6
0-1: Ball
1-1: Called Strike
1-2: Strikes out swinging
Bottom of the 5th over - 0 runs, 1 hit, 0 errors, 0 left on base; Washington 4 - Baltimore 0
TOP OF THE 6TH
Washington Bats batting - Pitching for Baltimore Bulldogs : RHP Oliver Lanham
Batting: RHB Neall Rabah 0-0: Called Strike
0-1: Called Strike
0-2: Foul Ball, location: 2F
0-2: Ball
1-2: Ball
2-2: Fly out, F9 (Flyball, 9, EV 80.6 MPH)
Batting: RHB Louis Hockney 0-0: Called Strike
0-1: Swinging Strike
0-2: Strikes out swinging
Batting: RHB Owen Dooley 0-0: Ball
1-0: Ball
2-0: Called Strike
2-1: Called Strike
2-2: Strikes out looking
Top of the 6th over - 0 runs, 0 hits, 0 errors, 0 left on base; Washington 4 - Baltimore 0
BOTTOM OF THE 6TH
Baltimore Bulldogs batting - Pitching for Washington Bats : RHP Justin Casey
Batting: RHB Joseph Olsen 0-0: Called Strike
0-1: Ball
1-1: Swinging Strike
1-2: Ball
2-2: Ball
3-2: Foul Ball, location: 2F
3-2: Foul Ball, location: 2F
3-2: Foul Ball, location: 2F
3-2: Foul Ball, location: 2F
3-2: Fly out, F8 (Line Drive, 8RM, EV 94.4 MPH)
Batting: LHB Kentrellis Donciu 0-0: Ball
1-0: Ground out 3-1 (Groundball, 34, EV 81.9 MPH)
Batting: SHB Val Schmit 0-0: Ball
1-0: SINGLE (Line Drive, 6M, EV 108.8 MPH)
Batting: LHB Owen Keimig 0-0: TRIPLE (Flyball, 7D, EV 91.2 MPH)
Val Schmit scores
Batting: LHB Vince Ridgway 0-0: Ball
1-0: Foul Ball, location: 2F
1-1: Ball
2-1: Ball
3-1: Ground out 6-3 (Groundball, 56, EV 98.8 MPH)
Bottom of the 6th over - 1 run, 2 hits, 0 errors, 1 left on base; Washington 4 - Baltimore 1
TOP OF THE 7TH
Washington Bats batting - Pitching for Baltimore Bulldogs : RHP Oliver Lanham
Batting: RHB Ken Daly 0-0: SINGLE (Line Drive, 56D, EV 95.0 MPH)
Batting: RHB Barrington Purbacaraka 0-0: Sac Bunt to 15 - play at first, batter OUT! 1-3
Ken Daly to second
Batting: RHB Julian Ludin 0-0: Ball
1-0: Ball
2-0: Called Strike
2-1: Ball
3-1: SINGLE (Line Drive, 34D, EV 98.1 MPH)
Ken Daly to third
Runner from 3rd tries for Home, SAFE, throw by RF to home
Julian Ludin to second
Pitching: RHP Brian Roberts
Batting: LHB Joel Bell 0-0: Foul Ball, location: 2F
0-1: DOUBLE (Line Drive, 9LS, EV 97.5 MPH)
Julian Ludin scores
Batting: RHB Hayden Jones 0-0: Foul Ball, location: 2F
0-1: Ball
1-1: Swinging Strike
1-2: Strikes out swinging
Batting: SHB Josiah White 0-0: Ball
1-0: Ball
2-0: Ball
Wild Pitch!
Joel Bell to third
3-0: Called Strike
3-1: Base on Balls
Batting: RHB Neall Rabah 0-0: Ball
1-0: Ball
2-0: Foul Ball, location: 2F
2-1: Foul Ball, location: 2F
2-2: Ball
3-2: Base on Balls
Josiah White to second
Batting: RHB Louis Hockney 0-0: DOUBLE (Line Drive, 9LS, EV 111.2 MPH)
Joel Bell scores
Josiah White scores
Neall Rabah to third
Batting: RHB Owen Dooley 0-0: Ball
1-0: Ball
2-0: Ball
3-0: Base on Balls
Batting: RHB Ken Daly 0-0: Fly out, F8 (Flyball, 8RS, EV 93.1 MPH)
Top of the 7th over - 4 runs, 4 hits, 0 errors, 3 left on base; Washington 8 - Baltimore 1
BOTTOM OF THE 7TH
Baltimore Bulldogs batting - Pitching for Washington Bats : RHP Justin Casey
Batting: SHB Cole Watson 0-0: Ball
1-0: SINGLE (Groundball, 4MD, EV 103.8 MPH)
Batting: RHB Kyle Dodiry 0-0: Ball
1-0: Grounds into double play, 6-4-3 (Groundball, 56, EV 88.8 MPH)
Pinch Hitting: LHB Shan Waseem 0-0: Called Strike
0-1: Called Strike
0-2: Foul Ball, location: 2F
0-2: Ball
1-2: Ball
2-2: Foul Ball, location: 2F
2-2: Foul Ball, location: 2F
2-2: Ball
3-2: Foul Ball, location: 2F
3-2: Fly out, F7 (Flyball, 78S, EV 86.2 MPH)
Bottom of the 7th over - 0 runs, 1 hit, 0 errors, 0 left on base; Washington 8 - Baltimore 1
TOP OF THE 8TH
Washington Bats batting - Pitching for Baltimore Bulldogs : RHP Brian Roberts
Now at SS: Freddy Mikulski
Batting: RHB Barrington Purbacaraka 0-0: Swinging Strike
0-1: Ball
1-1: Foul Ball, location: 2F
1-2: Ball
2-2: Strikes out swinging
Batting: RHB Julian Ludin 0-0: Ball
1-0: Foul Ball, location: 2F
1-1: Ball
2-1: Swinging Strike
2-2: Ball
3-2: Foul Ball, location: 2F
3-2: Base on Balls
Batting: LHB Joel Bell 0-0: Foul Ball, location: 2F
0-1: Foul Ball, location: 2F
0-2: Ball
1-2: Ball
2-2: Reached on error, E8 (Flyball, 8RM, EV 83.1 MPH)
Julian Ludin to second
Pinch Hitting: RHB Colby Toothaker 0-0: Grounds into double play, 5-4-3 (Groundball, 5, EV 78.1 MPH)
Top of the 8th over - 0 runs, 0 hits, 1 error, 1 left on base; Washington 8 - Baltimore 1
BOTTOM OF THE 8TH
Baltimore Bulldogs batting - Pitching for Washington Bats : RHP Justin Casey
Pitching: RHP Rashaan Loomans
Now at 1B: Parker Lee
Batting: LHB Justin Castiglioni 0-0: Hit by Pitch
Batting: RHB Joseph Olsen 0-0: Ball
1-0: Ball
2-0: Called Strike
2-1: Called Strike
2-2: Ball
3-2: Foul Ball, location: 2F
3-2: Base on Balls
Justin Castiglioni to second
Batting: LHB Kentrellis Donciu 0-0: Fielders Choice at 2nd, 3-6 (Groundball, 34, EV 80.0 MPH)
Justin Castiglioni to third
Batting: SHB Val Schmit 0-0: Ball
1-0: Called Strike
1-1: Swinging Strike
1-2: Fly out, F8 (Flyball, 78M, EV 78.1 MPH)
Runner from 3rd tags up, SCORES, throw by CF
Batting: LHB Owen Keimig 0-0: Called Strike
0-1: SINGLE (Line Drive, 7S, EV 96.9 MPH)
Kentrellis Donciu to second
Batting: LHB Vince Ridgway 0-0: SINGLE (Groundball, 34D, EV 93.8 MPH)
Kentrellis Donciu to third
Owen Keimig to second
Batting: SHB Cole Watson 0-0: Ball
1-0: Called Strike
1-1: DOUBLE (Line Drive, 89M, EV 99.4 MPH)
Kentrellis Donciu scores
Owen Keimig scores
Vince Ridgway to third
Runner from 3rd tries for Home, throw by RF and OUT! 9-4-2
Bottom of the 8th over - 3 runs, 3 hits, 0 errors, 1 left on base; Washington 8 - Baltimore 4
TOP OF THE 9TH
Washington Bats batting - Pitching for Baltimore Bulldogs : RHP Brian Roberts
Batting: SHB Josiah White 0-0: Foul Ball, location: 2F
0-1: Ball
1-1: Called Strike
1-2: DOUBLE (Line Drive, 78D, EV 99.4 MPH)
Batting: RHB Neall Rabah 0-0: Ball
1-0: Ground out 6-3 (Groundball, 6, EV 80.0 MPH)
Josiah White to third
Batting: RHB Louis Hockney 0-0: Intentional Walk
Batting: RHB Owen Dooley 0-0: Called Strike
0-1: Called Strike
0-2: Ball
1-2: Ball
2-2: SINGLE (Groundball, 56D, EV 106.2 MPH)
Josiah White scores
Louis Hockney to second
Pitching: LHP Rakeem Senegal
Batting: RHB Ken Daly 0-0: Called Strike
0-1: Ball
1-1: Ball
2-1: Ball
3-1: Foul Ball, location: 2F
3-2: Foul Ball, location: 2F
3-2: Strikes out swinging
Batting: RHB Barrington Purbacaraka 0-0: Ball
1-0: Swinging Strike
1-1: Swinging Strike
1-2: Strikes out swinging, 2-3 out at first.
Top of the 9th over - 1 run, 2 hits, 0 errors, 2 left on base; Washington 9 - Baltimore 4
BOTTOM OF THE 9TH
Baltimore Bulldogs batting - Pitching for Washington Bats : RHP Rashaan Loomans
Batting: RHB Kyle Dodiry 0-0: Swinging Strike
0-1: Swinging Strike
0-2: Strikes out swinging
Batting: RHB Freddy Mikulski 0-0: SINGLE (Groundball, 34D, EV 95.0 MPH)
Batting: LHB Justin Castiglioni 0-0: Ball
1-0: Ball
2-0: Foul Ball, location: 2F
2-1: Foul Ball, location: 2F
2-2: Foul Ball, location: 2F
2-2: Foul Ball, location: 2F
2-2: Fielders Choice at 2nd, 5-4 (Groundball, 56, EV 85.0 MPH)
Batting: RHB Joseph Olsen 0-0: Called Strike
0-1: Ball
1-1: Fly out, F8 (Line Drive, 8RM, EV 86.9 MPH)
Bottom of the 9th over - 0 runs, 1 hit, 0 errors, 1 left on base; Washington 9 - Baltimore 4
Thursday, April 4th , 2024 - OOTP Baseball 23.10 Build 110